 Dungeon Crawl Stone Soup version 0.29.1-1-gd02db6906a (webtiles) character file.

Game seed: 13384080517057008923

9256 MrElixer the Fighter (level 11, -4/100 HPs)
             Began as a Minotaur Fighter on Oct 13, 2022.
             Slain by a snapping turtle (16 damage)
             ... on level 1 of the Shoals on Oct 16, 2022.
             The game lasted 00:41:08 (7994 turns).

MrElixer the Fighter (Minotaur Fighter)             Turns: 7994, Time: 00:41:09

Health: -4/100     AC: 19    Str: 23    XL:     11   Next: 20%
Magic:  1/10       EV:  7    Int:  5    God:
Gold:   755        SH: 15    Dex: 10    Spells: 10/10 levels left

rFire   . . .      SeeInvis .   i - +8 demon blade "Leech" {vamp, Harm Drain rN+}
rCold   . . .      Faith    .   l - +0 kite shield
rNeg    + . .      Spirit   .   G - +3 plate armour
rPois   +          Reflect  +   (helmet unavailable)
rElec   .          Harm     +   j - scarf {shadows}
rCorr   .          Rampage  .   B - +0 pair of gloves
Will    .....                   (no boots)
Stlth   ..........              g - amulet of reflection
HPRegen 0.26/turn               t - ring of poison resistance
MPRegen 0.12/turn               (no ring)

@: mighty, studying Transmutations
A: horns 3, retaliatory headbutt, claws 1, clumsy 1
a: no special abilities


You were on level 1 of the Shoals.
You visited 3 branches of the dungeon, and saw 12 of its levels.

You collected 755 gold pieces.

Inventory:

Hand Weapons
 a - a +0 war axe
 i - the +8 demon blade "Leech" (weapon) {vamp, Harm Drain rN+}
   (You found it on level 2 of the Dungeon)

   It heals its wielder for a portion of the damage dealt every time it strikes
   a living foe.
   rN:        It protects you from negative energy.
   Drain:     It drains your maximum health when unequipped.
   Harm:      It increases damage dealt and taken.
 x - a +3 shortbow of venom
Missiles
 y - 31 poisoned darts
Armour
 b - a +0 scale mail
 c - a +0 buckler
 j - a scarf of shadows (worn)
 k - an orb of mayhem
 l - a +0 kite shield (worn)
 p - a +0 helmet
 w - a +3 scale mail
 B - a +0 pair of gloves (worn)
 G - a +3 plate armour (worn)
Jewellery
 g - an amulet of reflection (around neck)
 q - an amulet of guardian spirit
 t - a ring of poison resistance (left hand)
 v - an amulet of magic regeneration
Wands
 h - a wand of polymorph (7)
 D - a wand of iceblast (13) (quivered)
 H - a wand of light (2)
Scrolls
 e - 11 scrolls of identify
 f - 2 scrolls of teleportation
 o - 2 scrolls of fear
 s - 3 scrolls of poison
 u - a scroll of magic mapping
 C - 3 scrolls of enchant weapon
 E - 2 scrolls of fog
 I - a scroll of immolation
 K - a scroll of blinking
Potions
 d - a potion of might
 n - 4 potions of flight
 r - 5 potions of curing
 z - 2 potions of invisibility
 A - a potion of ambrosia {unknown}
 F - a potion of mutation
 J - a potion of haste {unknown}


   Skills:
 + Level 10.2 Fighting
 + Level 9.1 Long Blades
 - Level 9.0 Axes
 + Level 10.2 Armour
 + Level 3.3 Dodging
 + Level 10.2 Shields


You had 10 spell levels left.
You didn't know any spells.
Your spell library contained the following spells:

 Spells                   Type           Power      Damage    Failure   Level
 Necrotise                Necr           0%         1d4       100%        1
 Static Discharge         Conj/Air       0%         3-3/arc   100%        2
 Vampiric Draining        Necr           0%         2d6       100%        3
 Dispel Undead            Necr           0%         3d6       100%        4
 Sticky Flame             Conj/Fire      0%         2d3       100%        4
 Agony                    Necr           0%         N/A       100%        5
 Borgnjor's Revivificati  Necr           0%         N/A       100%        8
 Necromutation            Tmut/Necr      0%         N/A       100%        8
 Death's Door             Necr           0%         N/A       100%        9


Dungeon Overview and Level Annotations

Branches:
Dungeon (9/15)             Temple (0/1) D:7            Lair (2/5) D:9
 Shoals (1/4) Lair:2
  Snake: Lair:2-3    Spider: Lair:2-3       Orc: D:9-12

Altars:
Cheibriados
Dithmenos
Fedhas
Makhleb
Okawaru
Ru
Xom
Yredelemnul
Zin
The Shining One

Shops:
D:3 (

Annotations:
D:3 exclusion: oklob plant
Shoals:1 2 transporters


Innate Abilities, Weirdness & Mutations

You have a pair of large horns on your head.
You reflexively headbutt those who attack you in melee.
You have sharp fingernails.
You are clumsy. (Dex -2)


Message History

You block the merfolk impaler's attack.
You closely miss the merfolk impaler.
Your headbutt misses the merfolk impaler.
The merfolk impaler is almost dead.
You block the sea snake's attack. You block the merfolk impaler's attack.
The merfolk siren chants its luring song.
The alligator snapping turtle bites you from afar!!
* * * LOW HITPOINT WARNING * * *
You feel better.
The sea snake bites you but does no damage.
You block the merfolk impaler's attack.
The merfolk siren chants its luring song.
The sea snake bites you.
* * * LOW HITPOINT WARNING * * *
You block the merfolk impaler's attack. You block the sea snake's attack.
The alligator snapping turtle completely misses you.
You feel very mighty all of a sudden.
You carefully extract the barbed spikes from your body.
Your surroundings suddenly seem different.
A water elemental comes into view.
You are no longer entranced.
A water elemental is nearby!
A water elemental is nearby!
A water elemental is nearby!
A snapping turtle comes into view.
The snapping turtle hisses angrily.
The water elemental hits you.
The water elemental engulfs you in water!
You slice the water elemental!!
The water elemental is severely damaged.
* * * LOW HITPOINT WARNING * * *
Your lungs strain for air!
The snapping turtle bites you from afar.
* * * LOW HITPOINT WARNING * * *
The water elemental barely misses you. You furiously retaliate!
You headbutt the water elemental!!
You destroy the water elemental!
You gasp with relief as air once again reaches your lungs.
The snapping turtle bites you!
You die...

..........# ...........
~. #...............S..
~.# #..............S..t
~~.##................m.
~~~............).......
~..........##.##......
~..#........#©. #.~~~~.
~~....@....... .~m~~~~
~~..~t......#. ©#~~~~~~
~~~~~~......##.#
~~~~~~.........~
~~~~~~........~~
~~~~~~~.......~~
≈≈≈≈~~~~.....~~~
≈≈≈≈~~~~~..~~~≈
≈≈≈≈≈~~~~~~~~≈≈


You could see a snapping turtle.

Vanquished Creatures
  The ghost of 0gre the Frost Mage, a journeyman GnIE of Ashenzari (Lair:2)
  Pikel (D:7)
  3 manticores
  A black mamba (Lair:2)
  2 cane toads (Lair:2)
  A komodo dragon (Lair:2)
  A merfolk (Shoals:1)
  A wind drake (Lair:2)
  4 blink frogs (Lair:2)
  5 yaks (Lair:2)
  A water elemental (Shoals:1)
  A wyvern (D:9)
  2 steam dragons
  2 water moccasins (D:8)
  2 ice beasts
  3 black bears
  2 orc warriors
  2 ogres
  5 centaurs
  2 lemures (D:7)
  A kobold brigand (D:9)
  A phantom (D:5)
  A necrophage (D:5)
  5 bullfrogs
  3 scorpions
  3 wights (D:7)
  7 hounds
  3 jellies
  4 orc priests
  A gnoll bouda (D:7)
  4 iguanas
  Natasha (thrice) (D:4)
  9 orc wizards
  8 adders
  8 gnolls
  A shadow imp (D:5)
  A white imp (D:7)
  4 ufetubi
  4 worms
  2 dart slugs
  38 orcs
  3 endoplasms
  4 giant cockroaches
  8 hobgoblins
  10 jackals (D:4)
  5 ball pythons
  7 bats
  15 frilled lizards
  8 goblins
  16 kobolds
  6 rats
235 creatures vanquished.

Vanquished Creatures (collateral kills)
  An iguana (D:5)
  An orc wizard (D:5)
  5 orcs (D:5)
7 creatures vanquished.

Vanquished Creatures (others)
  3 fungi
  75 plants
  16 toadstools (D:3)
94 creatures vanquished.

Grand Total: 336 creatures vanquished

Notes
Turn   | Place    | Note
-------+----------+-------------------------------------------
     0 | D:1      | MrElixer the Minotaur Fighter began the quest for the Orb.
     0 | D:1      | Reached XP level 1. HP: 19/19 MP: 0/0
   215 | D:1      | Reached XP level 2. HP: 27/27 MP: 1/1
  1240 | D:2      | Reached XP level 3. HP: 33/33 MP: 2/2
  1582 | D:2      | Found the +8 demon blade "Leech" {vamp, Harm Drain rN+}
  1702 | D:2      | Reached XP level 4. HP: 41/41 MP: 3/3
  1951 | D:3      | Reached skill level 1 in Long Blades
  2025 | D:3      | Reached XP level 5. HP: 47/47 MP: 4/4
  2172 | D:3      | Reached XP level 6. HP: 53/55 MP: 5/5
  2194 | D:3      | Found Fyugg's Antique Weapon Shop.
  2203 | D:3      | Reached skill level 5 in Shields
  2402 | D:3      | Found a blossoming altar of Fedhas.
  2424 | D:3      | Noticed an oklob plant
  2505 | D:4      | Reached skill level 5 in Fighting
  2530 | D:4      | Reached skill level 5 in Armour
  2882 | D:4      | Noticed Natasha
  2888 | D:4      | Killed Natasha
  2889 | D:4      | Reached XP level 7. HP: 61/61 MP: 6/6
  2891 | D:4      | Noticed Natasha
  2895 | D:4      | Killed Natasha
  2905 | D:4      | Found a glowing silver altar of Zin.
  3111 | D:4      | Noticed Natasha
  3118 | D:4      | Killed Natasha
  3216 | D:4      | Reached skill level 5 in Axes
  3227 | D:5      | Entered Level 5 of the Dungeon
  3320 | D:5      | Found an iron altar of Okawaru.
  3336 | D:5      | Found a sacrificial altar of Ru.
  3504 | D:5      | Reached XP level 8. HP: 26/70 MP: 7/7
  3588 | D:5      | Gained mutation: You are clumsy. (Dex -2) [potion of
                  | mutation]
  3588 | D:5      | Gained mutation: You have a pair of large horns on your
                  | head. [potion of mutation]
  3588 | D:5      | Gained mutation: You have sharp fingernails. [potion of
                  | mutation]
  3998 | D:6      | Reached skill level 5 in Long Blades
  4058 | D:6      | Found a shimmering altar of Xom.
  4592 | D:7      | Reached XP level 9. HP: 77/79 MP: 8/8
  4593 | D:7      | Found a glowing golden altar of the Shining One.
  4798 | D:7      | Found a staircase to the Ecumenical Temple.
  4811 | D:7      | Found a burning altar of Makhleb.
  5549 | D:7      | Noticed Pikel
  5566 | D:7      | Killed Pikel
  5709 | D:7      | Found a snail-covered altar of Cheibriados.
  6509 | D:8      | Reached XP level 10. HP: 64/90 MP: 9/9
  6743 | D:9      | Found a shadowy altar of Dithmenos.
  6744 | D:9      | Found a basalt altar of Yredelemnul.
  6773 | D:9      | Found a staircase to the Lair.
  6847 | Lair:1   | Entered Level 1 of the Lair of Beasts
  6857 | Lair:1   | You fall into a shaft and drop 1 floor!
  6859 | Lair:2   | Noticed a black mamba
  6862 | Lair:2   | Killed a black mamba
  6893 | Lair:2   | Noticed a cane toad
  6898 | Lair:2   | Killed a cane toad
  6991 | Lair:2   | Found a large runed translucent door.
  6991 | Lair:2   | Found a large runed translucent door.
  7399 | Lair:2   | Reached skill level 1 in Dodging
  7526 | Lair:2   | Found a staircase to the Shoals.
  7526 | Lair:2   | Noticed a manticore
  7530 | Lair:2   | Noticed a cane toad
  7539 | Lair:2   | Killed a cane toad
  7548 | Lair:2   | Killed a manticore
  7724 | Lair:2   | Noticed 0gre's ghost (journeyman GnIE)
  7801 | Lair:2   | Killed 0gre's ghost
  7802 | Lair:2   | Reached skill level 10 in Fighting
  7802 | Lair:2   | Reached skill level 10 in Armour
  7802 | Lair:2   | Reached skill level 10 in Shields
  7802 | Lair:2   | Reached XP level 11. HP: 99/99 MP: 10/10
  7847 | Shoals:1 | Entered Level 1 of the Shoals
  7966 | Shoals:1 | Noticed a merfolk impaler
  7968 | Shoals:1 | Found a transporter.
  7971 | Shoals:1 | Found a transporter.
  7976 | Shoals:1 | Noticed an alligator snapping turtle
  7977 | Shoals:1 | Noticed a sea snake
  7979 | Shoals:1 | Noticed a sea snake
  7994 | Shoals:1 | Slain by a snapping turtle

Illustrated notes

Levels and vault maps discovered:
D:1:      minmay_arrival_wavy_path, layout_loops_corners, solitary_fountain,
          minmay_misc_feat_iff, minmay_tree_intersection, minmay_lizard_king
D:2:      layout_rooms
D:3:      layout_rooms, tgw_fedhas, serial_shops, nicolae_shop_waterfront,
          chequers_jeans, minmay_goblin_kobold_house
D:4:      layout_basic, mainiacjoe_overflow_boulevard, uniq_natasha
D:5:      layout_rooms, okawaru_altar_gauntlet_db,
          nicolae_ru_sacrificial_ziggurat, st_stairs_2,
          chequers_serial_rivers_micro_e, kennysheep_boxes
D:6:      layout_cave_pools, mainiacjoe_overflow_alcove_2
D:7:      layout_gridville, cheibriados_altar_1, mainiacjoe_overflow_catwalk,
          mainiacjoe_overflow_alcove_1, minmay_temple_entry_antechambers,
          dreamdust_gnoll_farm, uniq_pikel
D:8:      layout_loops_ring
D:9:      layout_basic, nicolae_overflow_hidden_temple,
          chequers_temple_overflow_statue_of_worship, dpeg_oklobed_lair
Lair:1:   layout_roguey [special_room_bee], serial_bayou_shore_a, uniq_fannar
Lair:2:   layout_loops_ring, minmay_shoals_entry_beasts,
          ebering_ghost_disaster_area, hangedman_lair_unloving_vines,
          lemuel_fruit_tree, grunt_megastairs_4
Shoals:1: layout_shoals, serial_nicolae_subway, nicolae_sub_station_metal,
          nicolae_sub_station_crystal, nicolae_sub_station_stone

Skill      XL: |  1  2  3  4  5  6  7  8  9 10 11 |
---------------+----------------------------------+-----
Fighting       | 4 5 6 7 8 10 | 10.2
Shields        | 4 5 6 7 8 10 | 10.2
Armour         | 4 5 6 7 8 10 | 10.2
Axes           | 3 4 5 6 8 9 |  9.0
Long Blades    | 1 2 3 4 5 7 8 9 |  9.1
Dodging        | 2 3 |  3.3

Action                   |  1- 3 |  4- 6 |  7- 9 | 10-12 || total
-------------------------+-------+-------+-------+-------++-------
Melee: War axe           |    98 |       |       |       ||    98
       Headbutt          |     7 |    14 |    28 |    16 ||    65
       Demon blade       |    10 |   125 |   188 |   109 ||   432
Evoke: Wand              |       |     4 |     1 |    15 ||    20
  Use: Potion            |     3 |       |     4 |     6 ||    13
       Scroll            |     2 |       |     6 |     5 ||    13
 Stab: Paralysed         |       |     1 |       |    21 ||    22
Armor: Scale mail        |    59 |    39 |    40 |       ||   138
       Plate armour      |       |       |    33 |    26 ||    59
Dodge: Dodged            |    54 |    37 |    47 |    12 ||   150
Block: Buckler           |    30 |    49 |    38 |       ||   117
       Reflection        |       |       |    12 |     5 ||    17
       Kite shield       |       |       |   114 |    68 ||   182
